 Dungeon Crawl Stone Soup version bcrawl-1.40.3b (webtiles) character file.

Game seed: 7933635864462895035

228201 feta the Ruffian (level 6, -4/63 HPs)
             Began as a Troll Martial Artist on Dec 2, 2023.
             Was a Priest of Wu Jian.
             Slain by an orc warrior
             ... wielding a +0 scimitar
              (22 damage)
             ... on level 4 of the Dungeon on Mar 5, 2024.
             The game lasted 00:11:12 (2766 turns).

feta the Ruffian (Troll Martial Artist)             Turns: 2766, Time: 00:11:13

Health: -4/63      AC:  7    Str: 23    XL:     6   Next: 78%
Magic:  6/6        EV: 10    Int:  6    God:    Wu Jian [***...]
Gold:   349        SH:  0    Dex: 12    Spells: 6/7 levels left

rFire    . . .     GDR:     28%   - Claws (22.1)
rCold    . . .     SeeInvis .   (no shield)
rNeg     + . .     Gourm    +   (armour unavailable)
rPois    +         Faith    .   (helmet restricted)
rElec    .         Spirit   .   r - +0 cloak
rCorr    .         Reflect  .   (gloves unavailable)
MR       .....                  (boots unavailable)
Stlth    +.........             (no amulet)
HPRegen  0.60/turn              d - ring of poison resistance
MPRegen  0.10/turn              g - ring of positive energy (curse)

@: no status effects
A: large, almost no armour, claws 3, fast metabolism 3, gourmand, regeneration
1, AC +6
a: Wall Jump, Serpent's Lash, Renounce Religion


You were on level 4 of the Dungeon.
You worshipped Wu Jian.
Wu Jian was most pleased with you.
You were completely stuffed.

You visited 1 branch of the dungeon, and saw 4 of its levels.

You collected 349 gold pieces.

Inventory:

Hand Weapons
 h - a cursed +0 whip
 u - a +0 morningstar
Missiles
 b - a stone
 q - 100 poisoned tomahawks
 w - 45 javelins
 x - 61 poisoned needles
Armour
 r - a +0 cloak (worn)
Jewellery
 d - a ring of poison resistance (left claw)
 g - a cursed ring of positive energy (right claw)
 p - an uncursed ring of see invisible
 y - a cursed ring of attention {unknown}
 B - an uncursed ring of wizardry
 C - an uncursed amulet of guardian spirit
Scrolls
 c - 4 scrolls of remove curse {unknown}
 i - a scroll of identify
 m - 3 scrolls of immolation {unknown}
 s - a scroll of teleportation {unknown}
 v - a scroll of fear {unknown}
 z - a scroll of amnesia {unknown}
 A - a scroll of enchant weapon {unknown}
Potions
 a - a potion of agility
 f - 2 potions of magic
 j - 2 potions of brilliance
 k - a potion of heal wounds
 l - a potion of haste
 n - 3 potions of mutation {unknown}
 o - a potion of resistance {unknown}
 t - a potion of flight {unknown}
Comestibles
 e - 9 rations {!d}
 D - a chunk of flesh


   Skills:
 + Level 4.7 Fighting
 - Level 3.0 Dodging
 - Level 0.4 Stealth
 + Level 6.2 Unarmed Combat
 - Level 1.0 Spellcasting
 - Level 1.0 Hexes


You had 6 spell levels left.
You knew the following spells:

 Your Spells              Type           Power        Failure   Level  Hunger
a - Confusing Touch       Hex            #.......     30%         1    None
Your spell library was empty.

Dungeon Overview and Level Annotations

Branches:
Dungeon (4/12)             Temple (0/1) D:4

Altars:
Cheibriados
Wu Jian
Xom

Annotations:
D:4 4 runed doors


Innate Abilities, Weirdness & Mutations

You cannot wear most types of armour.
Your thick skin is tough. (AC +6)
You are too large for most types of armour.
You have claws for hands.
Your metabolism is lightning-fast.
You like to eat raw meat.
Your natural rate of healing is unusually fast.


Message History

The orc warrior is heavily wounded.
The orc warrior hits you with a +0 scimitar!!
You barely miss the orc warrior.
The orc warrior is heavily wounded.
You scratch the orc warrior but do no damage.
The orc warrior is heavily wounded.
The orc warrior hits you with a +0 scimitar.
You scratch the orc warrior.
The orc warrior is severely wounded.
The orc warrior hits you with a +0 scimitar!!
You scratch the orc warrior.
The orc warrior is severely wounded.
You closely miss the orc warrior.
The orc warrior is severely wounded.
The orc warrior hits you with a +0 scimitar!
* * * LOW HITPOINT WARNING * * *
You scratch the orc warrior.
The orc warrior is almost dead.
The orc warrior hits you with a +0 scimitar!!
You die...

####### #.# #.....# #.#.#
#.....# ####### #.#.# #.....#
#.....# #.#.# #....<# ##.###.##
#.#.#
#.....###..###..###########.#.#
#...........................#.#
#......#....######..######..#.#
#####.#.##.#.##.@..#### ##...#
.............#.#o##[# #..##
...#....####.#.#.(# #..#
......#..#...#.###.. #..#
...........#)#.#)##)# #..#
#.###.##..##)##.#.### ##..#
#.###.###.##.)###'# #+###...#
....#.# #.........# #.......#
#.....###..####..##8()8##..##.##


You could see an orc warrior.

Vanquished Creatures
  A centaur (D:4)
  An orc priest (D:4)
  A howler monkey (D:4)
  A hound (D:2)
  An orc wizard (D:3)
  A bullfrog skeleton (D:4)
  A gnoll shaman (D:4)
  A worker ant (D:4)
  4 gnolls (D:4)
  3 adders (D:3)
  An adder skeleton (D:4)
  3 worms
  3 dart slugs
  4 leopard geckos
  12 orcs
  2 giant cockroaches
  10 hobgoblins
  12 jackals
  8 kobolds
  4 quokkas
  6 bats
  4 frilled lizards
  7 goblins
  5 rats
96 creatures vanquished.

Notes
Turn   | Place    | Note
-------+----------+-------------------------------------------
     0 | D:1      | feta the Troll Martial Artist began the quest for the Orb.
     0 | D:1      | Reached XP level 1. HP: 22/22 MP: 1/1
    62 | D:1      | Reached XP level 2. HP: 16/29 MP: 2/2
   865 | D:1      | Reached ** piety under Wu Jian
   883 | D:1      | Reached XP level 3. HP: 13/36 MP: 3/3
  1285 | D:2      | Found a snail-covered altar of Cheibriados.
  1295 | D:2      | Gained mutation: Your natural rate of healing is unusually
                  | fast. [Troll growth]
  1295 | D:2      | Reached XP level 4. HP: 44/45 MP: 4/4
  1395 | D:3      | Found a shimmering altar of Xom.
  1508 | D:3      | Reached skill level 5 in Unarmed Combat
  1598 | D:3      | Reached *** piety under Wu Jian
  1657 | D:3      | Reached XP level 5. HP: 53/53 MP: 5/5
  2235 | D:4      | Found a large runed door.
  2236 | D:4      | Found a large runed door.
  2237 | D:4      | Found a large runed door.
  2237 | D:4      | Found a large runed door.
  2389 | D:4      | Reached XP level 6. HP: 58/62 MP: 6/6
  2422 | D:4      | Found a staircase to the Ecumenical Temple.
  2569 | D:4      | Found an ornate altar of the Wu Jian Council.
  2606 | D:4      | Reached skill level 6 in Unarmed Combat
  2759 | D:4      | Noticed an orc warrior
  2760 | D:4      | Found the +3 sling "Punk" {acid, rCorr}
  2766 | D:4      | Slain by an orc warrior

Skill      XL: |  1  2  3  4  5  6 |
---------------+-------------------+-----
Fighting       | 3 4 |  4.7
Dodging        | 3 |  3.0
Unarmed Combat | 5 6 |  6.2
Stealth        | |  0.4
Spellcasting   | |  1.0
Hexes          | |  1.0

Action                   |  1- 3 |  4- 6 || total
-------------------------+-------+-------++-------
Melee: Unarmed           |   105 |   122 ||   227
       Punch             |       |     1 ||     1
 Abil: Lunge             |    11 |    13 ||    24
       Wall Jump         |     6 |     1 ||     7
       Whirlwind         |     4 |    35 ||    39
  Use: Scroll            |     3 |     1 ||     4
 Stab: Sleeping          |     1 |     3 ||     4
  Eat: Chunk             |     8 |    19 ||    27
Armor: Skin              |    35 |    22 ||    57
Dodge: Dodged            |    46 |    50 ||    96
